 Dungeon Crawl Stone Soup version 0.27-a0-1230-gfc7c993222 (webtiles) character file.

Game seed: 7068496194021895010

117 Froggeryz the Magician (level 5, 0/35 HPs)
             Began as a Djinni Fire Elementalist on June 8, 2021.
             Killed from afar by an orc wizard (7 damage)
             ... with a magic dart
             ... on level 2 of the Dungeon.
             The game lasted 00:03:57 (3121 turns).

Froggeryz the Magician (Djinni Fire Elementalist)   Turns: 3121, Time: 00:03:57

Health: 0/35       AC:  3    Str:  7    XL:     5   Next: 22%
Gold:   98         EV: 13    Int: 17    God:
                   SH:  0    Dex: 14

rFire    + + .     SeeInvis .   c - +0 short sword
rCold    x . .     Faith    .   (no shield)
rNeg     . . .     Spirit   .   a - +0 robe
rPois    ∞         Reflect  .   (no helmet)
rElec    .         Harm     .   k - +0 cloak
rCorr    .         Rampage  .   (no gloves)
Will     .....                  (boots unavailable)
Stlth    ++........             (no amulet)
HPRegen  0.11/turn              (no ring)
MPRegen  0.00/turn              (no ring)

@: flying
A: sickness immunity, fire resistance 2, cold vulnerability 1, float, innate
caster, hp casting, extra vitality 1
a: no special abilities


You were on level 2 of the Dungeon.
You visited 1 branch of the dungeon, and saw 3 of its levels.

You collected 98 gold pieces.

Inventory:

Hand Weapons
 c - a +0 short sword (weapon)
Armour
 a - a +0 robe (worn)
 k - a +0 cloak (worn)
Jewellery
 e - a ring of magical power
Scrolls
 f - a scroll of identify {unknown}
 g - a scroll of noise {unknown}
 h - 3 scrolls of teleportation
 i - a scroll of summoning {unknown}
 j - 2 scrolls of immolation
Potions
 b - 3 potions of curing {unknown}
 d - a potion of invisibility {unknown}


   Skills:
 + Level 3.3 Dodging
 - Level 1.5 Stealth
 * Level 3.9 Spellcasting


You couldn't memorise any spells.
You knew the following spells:

 Your Spells              Type           Power      Damage    Failure   Level
a - Foxfire               Conj/Fire      64%        2x1d7     3%          1
b - Conjure Flame         Conj/Fire      16%        6-21      10%         3
c - Inner Flame           Hex/Fire       16%        N/A       10%         3
d - Sticky Flame          Conj/Fire      16%        2d4       32%         4
e - Fireball              Conj/Fire      8%         3d6       65%         5
f - Sandblast             Erth           32%        2d9       3%          1
g - Corpse Rot            Necr/Air       N/A        N/A       4%          2
Your spell library was empty.

Dungeon Overview and Level Annotations

Branches:
Dungeon (3/15)

Altars:

Shops:
D:2 [!(:[


Innate Abilities, Weirdness & Mutations

You are immune to sickness and miasma.
You are immune to poison.
Your flesh is very heat resistant. (rF++)
You are vulnerable to cold. (rC-)
You float through the air rather than walking.
You learn spells naturally, not from books.
Your magical power is your life essence.
You have superior vitality. (+4 HP)


Message History

Confirm with . or Enter, or press ? or * to list all spells.
You conjure some foxfire!
The foxfire hits something.
The foxfire hits something but does no damage.
The foxfire hits something.
Casting: Foxfire (safe; 3% risk of failure)
Confirm with . or Enter, or press ? or * to list all spells.
You conjure some foxfire!
An orc priest comes into view. It is wielding a +0 club.
The foxfire hits something. x2
An orc wizard comes into view. It is wielding a +0 dagger.
You hear some strange, mumbled words.
You are confused.
You're too confused to cast spells.
Sorry, you're not good enough to have a special ability.
You bump into the rock wall.
The orc hits you from afar with a +0 trident.
Something hits you.
You bump into the rock wall.
The orc hits you from afar with a +0 trident.
The orc wizard casts a spell.
The orc wizard flickers and vanishes!
Something barely misses you.
You hit something. The orc hits you but does no damage.
Something hits you but does no damage.
You're too confused to move!
You feel less confused.
The orc hits you from afar with a +0 trident!
Something hits you.
* * * LOW HITPOINT WARNING * * *
There is a stone staircase leading up here.
Something hits you.
* * * LOW HITPOINT WARNING * * *
You fly upwards.
Reactivating autopickup.
There is a stone staircase leading down here.
Deactivating autopickup; reactivate with Ctrl-A.
You barely miss something.
You hear some strange, mumbled words.
A magic dart appears from out of thin air!
The magic dart hits you!
You die...

#.# #.##.# #.# #.##.# #.# #.##[#
#.####.##.# #.##...##.##
#.##.####..####### #.##.#
#........# #.##.#
#..#####.############# #.##.#
#..# #@{...........#### #.##.#
#..##########...<........ #.##.#
#...)(........######.#### #.##.#
##.###.###.#########.# #
#.##.#####.###.##.........##.####
#.##.........#.##..######.##.##..
#.#######..#.#.##..# #..........
#.# #.#.)......## #.#.#####.# #.#
#.#.........###...# ##.##


There were no monsters in sight!

Vanquished Creatures
  Jessica (D:2)
  3 adders (D:2)
  A worm (D:2)
  A dart slug (D:1)
  An orc (D:3)
  8 ball pythons
  An endoplasm (D:1)
  4 giant cockroaches
  5 goblins
  9 hobgoblins
  3 quokkas
  6 bats
  4 frilled lizards
  6 kobolds
  3 rats (D:1)
56 creatures vanquished.

Vanquished Creatures (others)
  207 foxfires
207 creatures vanquished.

Grand Total: 263 creatures vanquished

Notes
Turn   | Place    | Note
-------+----------+-------------------------------------------
     0 | D:1      | Froggeryz the Djinni Fire Elementalist began the quest for
                  | the Orb.
     0 | D:1      | Reached XP level 1. HP: 15/15 MP: 0/0
   198 | D:1      | Reached XP level 2. HP: 13/21 MP: 0/0
   709 | D:1      | Reached XP level 3. HP: 19/25 MP: 0/0
   709 | D:1      | Learned a level 1 spell: Sandblast
  1547 | D:2      | Found Tiakkiul's Book Shop.
  1710 | D:2      | Found Beiproc's Antique Weapon Shop.
  1881 | D:2      | Found Qoet's Antique Armour Boutique.
  1888 | D:2      | Reached XP level 4. HP: 20/31 MP: 0/0
  1899 | D:2      | Found Tuanagh's Distillery.
  2145 | D:2      | Found a faded altar of an unknown god.
  2178 | D:2      | Noticed Jessica
  2186 | D:2      | Killed Jessica
  2656 | D:2      | Found Ysko's Antique Armour Shop.
  2680 | D:2      | Reached XP level 5. HP: 25/35 MP: 0/0
  2680 | D:2      | Learned a level 2 spell: Corpse Rot
  3121 | D:2      | Killed from afar by an orc wizard

Illustrated notes

Levels and vault maps discovered:
D:1:      mainiacjoe_arrival_reflecting_pool, layout_rooms
D:2:      layout_loops_ring, serial_shops, shop, shop_coins, shop,
          nicolae_shop_statue_plus, shop, hellmonk_ecumenical_altar_blasted,
          uniq_jessica
D:3:      layout_loops_ring, chequers_serial_rivers_micro_d, uniq_ijyb,
          uniq_crazy_yiuf_cottage

Skill      XL: |  1  2  3  4 |
---------------+-------------+-----
Spellcasting   | 3 |  3.9
Dodging        | 3 |  3.3
Stealth        | |  1.5

Action                   |  1- 3 |  4- 6 || total
-------------------------+-------+-------++-------
Melee: Unarmed           |     1 |       ||     1
       Short sword       |    14 |     7 ||    21
 Cast: Foxfire           |    86 |    54 ||   140
       Corpse Rot        |       |     1 ||     1
  Use: Scroll            |       |     2 ||     2
Armor: Robe              |     4 |     8 ||    12
Dodge: Dodged            |    16 |    17 ||    33

Table legend: (Time is in decaauts)
 A = Elapsed time spent in this place.
 B = Non-inter-level travel time spent in this place.
 C = Inter-level travel time spent in this place.
 D = Time resting spent in this place.
 E = Time spent auto-exploring this place.
 F = Levels seen in this place.
 G = Mean time per level.
                   A        B        C        D        E       F      G
               +--------+--------+--------+--------+--------+-----+--------+
         Total |   3122 |   3024 |     98 |      5 |   2599 |   3 | 1040.7 |
       Dungeon |   3122 |   3024 |     98 |      5 |   2599 |   3 | 1040.7 |
               +--------+--------+--------+--------+--------+-----+--------+

Top non-repeatable levels by time:
     D:1: 1547 daAuts
     D:2: 1483 daAuts
     D:3: 90 daAuts
